Connexion

Heat vs Barracuda

Created - 27 juillet 2023 at 05:49

Goals
1 2 3 T
Heat 1 2 0 3
Barracuda 1 1 2 4
Shots
1 2 3 T
Heat 7 9 10 26
Barracuda 15 12 9 36

GoalsPenalties
1st period
1. Barracuda , Brent Gates 1 (Brendan Warren 1, Alexis D'Aoust 1) at 4:38
2. Heat , Mathieu Joseph 1 (Brinson Pasichnuk 1, Nathan Smith 1) at 14:53
Egor Sokolov (STO) for Hooking (Minor) at 15:08
Jacob Bryson (STO) for Interference (Minor) at 19:55
2nd period
3. Heat , Egor Sokolov 1 (Brett Leason 1, Jan Jenik 1) at 4:23
4. Heat , Egor Sokolov 2 (Brett Leason 2, Jacob Bryson 1) at 6:27
5. Barracuda , Trent Frederic 1 (Matthew Phillips 1, Adam Cracknell 1) at 15:29
Brent Gates (SAN) for Hooking (Minor) at 16:26
3rd period
6. Barracuda , Scott Harrington 1 (Brent Gates 1, Brendan Warren 2) at 0:36
7. Barracuda , Fredrik Olofsson 1 (Jordy Bellerive 1, Scott Harrington 1) at 16:45
No Penalty
Goalie Stats
Jake Paterson (STO), 32 saves from 36 shots - (0,889), L, 0-1-0, 59:28 minutes
Ken Appleby (SAN), 23 saves from 26 shots - (0,885), W, 1-0-0, 60:00 minutes
3 StarsOfficial
1 - Scott Harrington (SAN)
2 - Trent Frederic (SAN)
3 - Egor Sokolov (STO)
Referees : Tom Kowal and Stephane Auger
Linesman : Mark Wheler and Pierre Racicot
Game Note
Jesper Lindgren is injured at 3:51 of 2nd period (Strained Right Elbow)
Finance
Level 1 -- Attendance: 1792 (89,60%) -- Ticket Income 62 720 $
Level 2 -- Attendance: 1000 (100,00%) -- Ticket Income 15 000 $
Total Attendance: 2792 (93,07%)
Total Ticket Income: 77 720 $
Other Income: 15 544 $
Total Income: 93 264 $



Team Name Goals Shots Shots Attemp Shots Blocked PIM HIT PP PK FO%
Heat 3265194250 / 1 (0%)045%
Barracuda 4366672240 / 2 (0%)055%

Heat
Player Name POS G A P +/- PIM HIT SHT SB MP PP MP PP SHT PK MP PK SHT FO% FOT
Aidan McDonoughLW000-1002018:331:1400:000100% 1
Artur KayumovLW/RW000000109:010:0000:0000% 1
Brett LeasonRW0220000017:121:1400:0000% 0
Brinson PasichnukD0110021323:391:1302:2500% 0
Cole SchneiderLW/RW0000013014:000:0000:5800% 0
Egor SokolovLW/RW2020226017:430:4500:0000% 1
Greg McKeggC/LW/RW000000019:240:0000:58050% 2
Jacob BrysonD011-1200021:050:4600:3900% 0
Jan JenikC/RW0110022016:010:4500:00042% 19
Jesper LindgrenD000002027:450:0000:5400% 0
John Albert C000001108:260:0000:00070% 10
Kevin GravelD000-1012121:090:0001:3300% 0
Kyle CriscuoloC/RW0000010016:020:0003:00039% 23
Mathieu JosephLW/RW101-1023018:300:4500:0000% 2
Nathan SmithC011-1023018:331:1410:00050% 22
Steven OleksyD0000051025:130:4502:2500% 0
Tarmo ReunanenD0000030217:421:1400:0000% 0
Tyce ThompsonRW0000011016:020:0003:00133% 3
Barracuda
Player Name POS G A P +/- PIM HIT SHT SB MP PP MP PP SHT PK MP PK SHT FO% FOT
Adam Cracknell C/LW/RW0111014123:171:5331:25059% 32
Alex DostieC/LW000-1011012:320:0000:26054% 13
Alexis D'AoustC/RW0110023016:512:0500:0000% 1
Anatoly GolyshevLW/RW000100007:120:0000:0000% 0
Andrei AltybarmakyanRW000-1011012:060:0000:0000% 0
Andy WelinskiD000-2010024:141:5501:0200% 0
Bode WildeD0001000114:440:0000:0000% 0
Brendan WarrenC/LW0220004017:192:0500:28054% 26
Brent GatesC/LW1120228016:502:0510:0000% 0
Fredrik OlofssonC/LW101100207:120:0000:0000% 1
Graham KnottC/LW000-1001012:390:0000:3300% 0
Jordy BelleriveC011104007:120:0000:00043% 7
Julius BergmanD0001020314:440:0000:0000% 0
Matthew PhillipsC/RW0111004021:521:5300:0000% 0
Nicolas MelocheD000-2022124:141:5521:0200% 0
Robert BortuzzoD0002041121:022:0300:5700% 0
Scott HarringtonD1122001021:022:0300:5700% 0
Trent FredericC/LW1011044022:581:5321:06075% 4



Play-by-Play

1st period


0:01 of 1st period - Adam Cracknell wins face-off versus Nathan Smith in neutral zone.
0:17 of 1st period - Mathieu Joseph is hit by Trent Frederic and loses puck.
0:30 of 1st period - Shot by Nathan Smith.
0:30 of 1st period - Shot Misses the Net.
0:41 of 1st period - Icing by Nicolas Meloche.
0:42 of 1st period - Adam Cracknell wins face-off versus Jan Jenik in Barracuda zone.
1:20 of 1st period - Icing by Jesper Lindgren.
1:21 of 1st period - Alex Dostie wins face-off versus Jan Jenik in Heat zone.
1:24 of 1st period - Shot by Graham Knott.
1:24 of 1st period - Shot Misses the Net.
2:40 of 1st period - Shot by Brendan Warren.
2:40 of 1st period - Stopped by Jake Paterson without a rebound.
2:41 of 1st period - Nathan Smith wins face-off versus Jordy Bellerive in Heat zone.
2:50 of 1st period - Shot by Fredrik Olofsson.
2:50 of 1st period - Stopped by Jake Paterson without a rebound.
2:51 of 1st period - Adam Cracknell wins face-off versus Jan Jenik in Heat zone.
3:01 of 1st period - Icing by Jacob Bryson.
3:02 of 1st period - Jan Jenik wins face-off versus Fredrik Olofsson in Heat zone.
3:30 of 1st period - Jacob Bryson is hit by Jordy Bellerive.
3:37 of 1st period - Brett Leason is hit by Robert Bortuzzo and loses puck.
4:11 of 1st period - Shot by Brinson Pasichnuk.
4:11 of 1st period - Stopped by Ken Appleby without a rebound.
4:12 of 1st period - John Albert wins face-off versus Adam Cracknell in Barracuda zone.
4:19 of 1st period - Shot by Greg McKegg.
4:19 of 1st period - Shot Blocked by Adam Cracknell .
4:21 of 1st period - Shot by Artur Kayumov.
4:21 of 1st period - Shot Misses the Net.
4:23 of 1st period - Shot by John Albert .
4:23 of 1st period - Shot Hit the Post.
4:25 of 1st period - Shot by John Albert .
4:25 of 1st period - Shot Blocked by Nicolas Meloche.
4:27 of 1st period - Shot by Artur Kayumov.
4:27 of 1st period - Stopped by Ken Appleby without a rebound.
4:28 of 1st period - Kyle Criscuolo wins face-off versus Alexis D'Aoust in Barracuda zone.
4:32 of 1st period - Icing by Brendan Warren.
4:33 of 1st period - Brendan Warren wins face-off versus Mathieu Joseph in Barracuda zone.
4:38 of 1st period - Shot by Brent Gates.
4:38 of 1st period - Goal by Brent Gates - Heat : 0 - Barracuda : 1.
4:39 of 1st period - Trent Frederic wins face-off versus Nathan Smith in neutral zone.
4:52 of 1st period - Shot by Adam Cracknell .
4:52 of 1st period - Stopped by Jake Paterson without a rebound.
4:53 of 1st period - Brendan Warren wins face-off versus Kyle Criscuolo in Heat zone.
4:55 of 1st period - Brent Gates is hit by Kevin Gravel.
5:15 of 1st period - Shot by Cole Schneider.
5:15 of 1st period - Stopped by Ken Appleby without a rebound.
5:16 of 1st period - Nathan Smith wins face-off versus Adam Cracknell in Barracuda zone.
5:23 of 1st period - Shot by Nathan Smith.
5:23 of 1st period - Stopped by Ken Appleby without a rebound.
5:24 of 1st period - Adam Cracknell wins face-off versus Nathan Smith in Barracuda zone.
5:24 of 1st period - Adam Cracknell is hit by Nathan Smith.
5:29 of 1st period - Nicolas Meloche is hit by Tarmo Reunanen and loses puck.
5:38 of 1st period - Icing by Andy Welinski.
5:39 of 1st period - John Albert wins face-off versus Adam Cracknell in Barracuda zone.
6:59 of 1st period - Shot by Nathan Smith.
6:59 of 1st period - Shot Misses the Net.
7:12 of 1st period - Icing by Jesper Lindgren.
7:13 of 1st period - Nathan Smith wins face-off versus Brendan Warren in Heat zone.
7:30 of 1st period - Shot by Brendan Warren.
7:30 of 1st period - Shot Blocked by Jesper Lindgren.
7:33 of 1st period - Alexis D'Aoust is hit by Jesper Lindgren and loses puck.
7:36 of 1st period - Shot by Brent Gates.
7:36 of 1st period - Shot Misses the Net.
7:38 of 1st period - Shot by Brent Gates.
7:38 of 1st period - Stopped by Jake Paterson with a rebound.
7:46 of 1st period - Shot by Brent Gates.
7:46 of 1st period - Shot Blocked by Jesper Lindgren.
7:48 of 1st period - Shot by Alexis D'Aoust.
7:48 of 1st period - Deflect By Brent Gates.
7:48 of 1st period - Stopped by Jake Paterson without a rebound.
7:49 of 1st period - Jan Jenik wins face-off versus Alex Dostie in Heat zone.
7:54 of 1st period - Shot by Andrei Altybarmakyan.
7:54 of 1st period - Stopped by Jake Paterson with a rebound.
8:06 of 1st period - Shot by Jan Jenik.
8:06 of 1st period - Stopped by Ken Appleby with a rebound.
9:35 of 1st period - Shot by Brendan Warren.
9:35 of 1st period - Shot Misses the Net.
9:39 of 1st period - Shot by Brendan Warren.
9:39 of 1st period - Shot Misses the Net.
9:47 of 1st period - Shot by Brendan Warren.
9:47 of 1st period - Stopped by Jake Paterson without a rebound.
9:48 of 1st period - Nathan Smith wins face-off versus Jordy Bellerive in Heat zone.
9:48 of 1st period - Aidan McDonough is hit by Jordy Bellerive and loses puck.
9:52 of 1st period - Steven Oleksy is hit by Jordy Bellerive and loses puck.
10:00 of 1st period - Mathieu Joseph is hit by Andy Welinski and loses puck.
10:44 of 1st period - Scott Harrington is hit by Mathieu Joseph and loses puck.
11:05 of 1st period - Egor Sokolov is hit by Robert Bortuzzo and loses puck.
11:49 of 1st period - Scott Harrington is hit by Jesper Lindgren and loses puck.
12:32 of 1st period - Off-side.
12:33 of 1st period - John Albert wins face-off versus Brendan Warren in neutral zone.
12:44 of 1st period - Shot by Alexis D'Aoust.
12:44 of 1st period - Stopped by Jake Paterson without a rebound.
12:45 of 1st period - Jan Jenik wins face-off versus Alex Dostie in Heat zone.
13:19 of 1st period - Off-side.
13:20 of 1st period - Nathan Smith wins face-off versus Brendan Warren in neutral zone.
13:29 of 1st period - Shot by Alexis D'Aoust.
13:29 of 1st period - Stopped by Jake Paterson with a rebound.
13:33 of 1st period - Shot by Brent Gates.
13:33 of 1st period - Stopped by Jake Paterson without a rebound.
13:34 of 1st period - Jordy Bellerive wins face-off versus Kyle Criscuolo in Heat zone.
14:53 of 1st period - Shot by Mathieu Joseph.
14:53 of 1st period - Goal by Mathieu Joseph - Heat : 1 - Barracuda : 1.
14:54 of 1st period - Jan Jenik wins face-off versus Alex Dostie in neutral zone.
15:08 of 1st period - Minor Penalty to Egor Sokolov for Hooking.
15:09 of 1st period - Adam Cracknell wins face-off versus Kyle Criscuolo in Heat zone.
15:12 of 1st period - Shot by Trent Frederic.
15:12 of 1st period - Stopped by Jake Paterson without a rebound.
15:13 of 1st period - Adam Cracknell wins face-off versus Kyle Criscuolo in Heat zone.
15:27 of 1st period - Matthew Phillips is hit by Steven Oleksy and loses puck.
15:30 of 1st period - Shot by Adam Cracknell .
15:30 of 1st period - Stopped by Jake Paterson without a rebound.
15:31 of 1st period - Kyle Criscuolo wins face-off versus Brendan Warren in Heat zone.
15:37 of 1st period - Icing by Alexis D'Aoust.
15:38 of 1st period - Tyce Thompson wins face-off versus Brendan Warren in Barracuda zone.
15:46 of 1st period - Icing by Brendan Warren.
15:47 of 1st period - Kyle Criscuolo wins face-off versus Brendan Warren in Barracuda zone.
15:50 of 1st period - Shot by Tyce Thompson.
15:50 of 1st period - Stopped by Ken Appleby without a rebound.
15:51 of 1st period - Adam Cracknell wins face-off versus Kyle Criscuolo in Barracuda zone.
16:10 of 1st period - Shot by Adam Cracknell .
16:10 of 1st period - Shot Blocked by Brinson Pasichnuk.
16:12 of 1st period - Shot by Nicolas Meloche.
16:12 of 1st period - Stopped by Jake Paterson with a rebound.
16:14 of 1st period - Shot by Nicolas Meloche.
16:14 of 1st period - Stopped by Jake Paterson without a rebound.
16:15 of 1st period - Kyle Criscuolo wins face-off versus Brendan Warren in Heat zone.
18:09 of 1st period - Icing by Trent Frederic.
18:10 of 1st period - John Albert wins face-off versus Adam Cracknell in Barracuda zone.
18:10 of 1st period - Greg McKegg is hit by Nicolas Meloche and loses puck.
19:05 of 1st period - Robert Bortuzzo is hit by Nathan Smith and loses puck.
19:11 of 1st period - Robert Bortuzzo is hit by Tarmo Reunanen and loses puck.
19:15 of 1st period - Alex Dostie is hit by Steven Oleksy and loses puck.
19:55 of 1st period - Minor Penalty to Jacob Bryson for Interference.
19:56 of 1st period - Kyle Criscuolo wins face-off versus Brendan Warren in Heat zone.
Goals for this period are 1 for Heat vs 1 for Barracuda.
Shots for this period are 7 for Heat vs 15 for Barracuda.

2nd period


0:01 of 2nd period - Adam Cracknell wins face-off versus Tyce Thompson in neutral zone.
0:04 of 2nd period - Shot by Nicolas Meloche.
0:04 of 2nd period - Shot Blocked by Brinson Pasichnuk.
0:18 of 2nd period - Tyce Thompson is hit by Trent Frederic and loses puck.
0:27 of 2nd period - Shot by Matthew Phillips.
0:27 of 2nd period - Deflect By Adam Cracknell .
0:27 of 2nd period - Stopped by Jake Paterson without a rebound.
0:28 of 2nd period - Brendan Warren wins face-off versus Kyle Criscuolo in Heat zone.
0:29 of 2nd period - Shot by Scott Harrington.
0:29 of 2nd period - Shot Misses the Net.
0:31 of 2nd period - Shot by Brent Gates.
0:31 of 2nd period - Stopped by Jake Paterson without a rebound.
0:32 of 2nd period - Brendan Warren wins face-off versus Kyle Criscuolo in Heat zone.
1:41 of 2nd period - Shot by Trent Frederic.
1:41 of 2nd period - Stopped by Jake Paterson without a rebound.
1:42 of 2nd period - Greg McKegg wins face-off versus Adam Cracknell in Heat zone.
1:42 of 2nd period - Greg McKegg is hit by Trent Frederic.
1:48 of 2nd period - Shot by Adam Cracknell .
1:48 of 2nd period - Stopped by Jake Paterson without a rebound.
1:49 of 2nd period - Adam Cracknell wins face-off versus Greg McKegg in Heat zone.
2:08 of 2nd period - Shot by Alex Dostie.
2:08 of 2nd period - Stopped by Jake Paterson without a rebound.
2:09 of 2nd period - Brendan Warren wins face-off versus Jan Jenik in Heat zone.
2:46 of 2nd period - Shot by Alexis D'Aoust.
2:46 of 2nd period - Shot Blocked by Tarmo Reunanen.
2:48 of 2nd period - Shot by Robert Bortuzzo.
2:48 of 2nd period - Stopped by Jake Paterson without a rebound.
2:49 of 2nd period - Adam Cracknell wins face-off versus Nathan Smith in Heat zone.
3:01 of 2nd period - Icing by Andy Welinski.
3:02 of 2nd period - Adam Cracknell wins face-off versus Kyle Criscuolo in Barracuda zone.
3:10 of 2nd period - Off-side.
3:11 of 2nd period - Alex Dostie wins face-off versus Nathan Smith in neutral zone.
3:14 of 2nd period - Jesper Lindgren is hit by Andrei Altybarmakyan.
3:49 of 2nd period - Icing by Nathan Smith.
3:50 of 2nd period - Nathan Smith wins face-off versus Brendan Warren in Heat zone.
3:50 of 2nd period - Jesper Lindgren is hit by Brent Gates and loses puck.
3:51 of 2nd period - Jesper Lindgren from Heat is injured at 3:51 of 2nd period (Strained Right Elbow).
3:52 of 2nd period - Jan Jenik wins face-off versus Brendan Warren in Heat zone.
3:52 of 2nd period - Jan Jenik is hit by Brent Gates.
4:05 of 2nd period - Shot by Brett Leason.
4:05 of 2nd period - Shot Misses the Net.
4:21 of 2nd period - Shot by Brett Leason.
4:21 of 2nd period - Shot Hit the Post.
4:23 of 2nd period - Shot by Egor Sokolov.
4:23 of 2nd period - Goal by Egor Sokolov - Heat : 2 - Barracuda : 1.
4:24 of 2nd period - Kyle Criscuolo wins face-off versus Adam Cracknell in neutral zone.
4:45 of 2nd period - Shot by Kevin Gravel.
4:45 of 2nd period - Stopped by Ken Appleby with a rebound.
5:06 of 2nd period - Trent Frederic is hit by Brinson Pasichnuk.
5:13 of 2nd period - Icing by Kevin Gravel.
5:14 of 2nd period - Brendan Warren wins face-off versus Kyle Criscuolo in Heat zone.
5:34 of 2nd period - Andy Welinski is hit by Steven Oleksy and loses puck.
6:07 of 2nd period - Shot by Aidan McDonough.
6:07 of 2nd period - Stopped by Ken Appleby with a rebound.
6:09 of 2nd period - Shot by Steven Oleksy.
6:09 of 2nd period - Deflect By Nathan Smith.
6:09 of 2nd period - Shot Blocked by Julius Bergman.
6:25 of 2nd period - Shot by Egor Sokolov.
6:25 of 2nd period - Deflect By Brett Leason.
6:25 of 2nd period - Shot Misses the Net.
6:27 of 2nd period - Shot by Egor Sokolov.
6:27 of 2nd period - Goal by Egor Sokolov - Heat : 3 - Barracuda : 1.
6:28 of 2nd period - Jordy Bellerive wins face-off versus Artur Kayumov in neutral zone.
6:33 of 2nd period - Icing by Artur Kayumov.
6:34 of 2nd period - John Albert wins face-off versus Adam Cracknell in Heat zone.
6:55 of 2nd period - Trent Frederic is hit by Steven Oleksy and loses puck.
7:00 of 2nd period - Shot by Matthew Phillips.
7:00 of 2nd period - Shot Misses the Net.
7:22 of 2nd period - Icing by Jacob Bryson.
7:23 of 2nd period - Brendan Warren wins face-off versus John Albert in Heat zone.
7:24 of 2nd period - Shot by Brent Gates.
7:24 of 2nd period - Shot Hit the Post.
7:26 of 2nd period - Shot by Brendan Warren.
7:26 of 2nd period - Shot Hit the Post.
7:50 of 2nd period - Shot by Brendan Warren.
7:50 of 2nd period - Stopped by Jake Paterson without a rebound.
7:51 of 2nd period - Alex Dostie wins face-off versus Jan Jenik in Heat zone.
8:16 of 2nd period - Shot by Brett Leason.
8:16 of 2nd period - Shot Misses the Net.
8:22 of 2nd period - Shot by Egor Sokolov.
8:22 of 2nd period - Stopped by Ken Appleby without a rebound.
8:23 of 2nd period - Adam Cracknell wins face-off versus Nathan Smith in Barracuda zone.
8:50 of 2nd period - Off-side.
8:51 of 2nd period - Kyle Criscuolo wins face-off versus Brendan Warren in neutral zone.
9:01 of 2nd period - Icing by Robert Bortuzzo.
9:02 of 2nd period - Jan Jenik wins face-off versus Brendan Warren in Barracuda zone.
9:25 of 2nd period - Shot by Brendan Warren.
9:25 of 2nd period - Shot Misses the Net.
9:27 of 2nd period - Shot by Brent Gates.
9:27 of 2nd period - Deflect By Brendan Warren.
9:27 of 2nd period - Shot Misses the Net.
9:29 of 2nd period - Shot by Alexis D'Aoust.
9:29 of 2nd period - Deflect By Brent Gates.
9:29 of 2nd period - Shot Misses the Net.
9:40 of 2nd period - Jan Jenik is hit by Robert Bortuzzo and loses puck.
10:43 of 2nd period - Julius Bergman is hit by Mathieu Joseph and loses puck.
10:54 of 2nd period - Shot by Kyle Criscuolo.
10:54 of 2nd period - Shot Blocked by Julius Bergman.
11:10 of 2nd period - Julius Bergman is hit by Tyce Thompson.
11:29 of 2nd period - Icing by Bode Wilde.
11:30 of 2nd period - Alex Dostie wins face-off versus John Albert in Barracuda zone.
11:30 of 2nd period - Alex Dostie is hit by John Albert .
11:52 of 2nd period - Shot by Brent Gates.
11:52 of 2nd period - Stopped by Jake Paterson without a rebound.
11:53 of 2nd period - Jan Jenik wins face-off versus Adam Cracknell in Heat zone.
11:53 of 2nd period - Tarmo Reunanen is hit by Adam Cracknell and loses puck.
12:09 of 2nd period - Shot by Trent Frederic.
12:09 of 2nd period - Shot Misses the Net.
12:14 of 2nd period - Steven Oleksy is hit by Nicolas Meloche.
12:32 of 2nd period - Andy Welinski is hit by Jan Jenik.
13:08 of 2nd period - Mathieu Joseph is hit by Alexis D'Aoust and loses puck.
13:23 of 2nd period - Shot by Alexis D'Aoust.
13:23 of 2nd period - Shot Misses the Net.
13:27 of 2nd period - Shot by Brent Gates.
13:27 of 2nd period - Stopped by Jake Paterson without a rebound.
13:28 of 2nd period - Kyle Criscuolo wins face-off versus Jordy Bellerive in Heat zone.
13:28 of 2nd period - Kyle Criscuolo is hit by Jordy Bellerive.
13:48 of 2nd period - Shot by Cole Schneider.
13:48 of 2nd period - Shot Blocked by Julius Bergman.
15:07 of 2nd period - Shot by Egor Sokolov.
15:07 of 2nd period - Stopped by Ken Appleby without a rebound.
15:08 of 2nd period - Brendan Warren wins face-off versus Jan Jenik in Barracuda zone.
15:21 of 2nd period - Shot by Brent Gates.
15:21 of 2nd period - Stopped by Jake Paterson without a rebound.
15:22 of 2nd period - Adam Cracknell wins face-off versus Nathan Smith in Heat zone.
15:29 of 2nd period - Shot by Trent Frederic.
15:29 of 2nd period - Goal by Trent Frederic - Heat : 3 - Barracuda : 2.
15:30 of 2nd period - Nathan Smith wins face-off versus Adam Cracknell in neutral zone.
15:41 of 2nd period - Shot by Aidan McDonough.
15:41 of 2nd period - Stopped by Ken Appleby with a rebound.
15:53 of 2nd period - Shot by Matthew Phillips.
15:53 of 2nd period - Stopped by Jake Paterson without a rebound.
15:54 of 2nd period - Brendan Warren wins face-off versus Jan Jenik in Heat zone.
16:01 of 2nd period - Shot by Andy Welinski.
16:01 of 2nd period - Shot Misses the Net.
16:11 of 2nd period - Shot by Nicolas Meloche.
16:11 of 2nd period - Shot Misses the Net.
16:24 of 2nd period - Brendan Warren is hit by Tarmo Reunanen and loses puck.
16:26 of 2nd period - Minor Penalty to Brent Gates for Hooking.
16:27 of 2nd period - Adam Cracknell wins face-off versus Nathan Smith in Barracuda zone.
16:38 of 2nd period - Shot by Brett Leason.
16:38 of 2nd period - Shot Blocked by Robert Bortuzzo.
16:54 of 2nd period - Shot by Nathan Smith.
16:54 of 2nd period - Stopped by Ken Appleby without a rebound.
16:55 of 2nd period - Adam Cracknell wins face-off versus Mathieu Joseph in Barracuda zone.
17:08 of 2nd period - Shot by Jan Jenik.
17:08 of 2nd period - Shot Misses the Net.
17:10 of 2nd period - Shot by Egor Sokolov.
17:10 of 2nd period - Deflect By Jan Jenik.
17:10 of 2nd period - Shot Misses the Net.
18:14 of 2nd period - Shot by Alex Dostie.
18:14 of 2nd period - Shot Misses the Net.
18:39 of 2nd period - Shot by Artur Kayumov.
18:39 of 2nd period - Shot Blocked by Bode Wilde.
19:03 of 2nd period - Shot by Kyle Criscuolo.
19:03 of 2nd period - Shot Misses the Net.
19:27 of 2nd period - Shot by John Albert .
19:27 of 2nd period - Stopped by Ken Appleby with a rebound.
19:38 of 2nd period - Greg McKegg is hit by Julius Bergman and loses puck.
19:43 of 2nd period - Shot by John Albert .
19:43 of 2nd period - Shot Misses the Net.
Goals for this period are 2 for Heat vs 1 for Barracuda.
Shots for this period are 9 for Heat vs 12 for Barracuda.

3rd period


0:01 of 3rd period - Adam Cracknell wins face-off versus Nathan Smith in neutral zone.
0:19 of 3rd period - Off-side.
0:20 of 3rd period - Brendan Warren wins face-off versus Egor Sokolov in neutral zone.
0:20 of 3rd period - Brendan Warren is hit by Egor Sokolov.
0:25 of 3rd period - Robert Bortuzzo is hit by Egor Sokolov and loses puck.
0:36 of 3rd period - Shot by Scott Harrington.
0:36 of 3rd period - Goal by Scott Harrington - Heat : 3 - Barracuda : 3.
0:37 of 3rd period - Nathan Smith wins face-off versus Adam Cracknell in neutral zone.
0:49 of 3rd period - Off-side.
0:50 of 3rd period - Brendan Warren wins face-off versus Jan Jenik in neutral zone.
0:52 of 3rd period - Scott Harrington is hit by Brinson Pasichnuk and loses puck.
2:02 of 3rd period - Shot by Trent Frederic.
2:02 of 3rd period - Deflect By Matthew Phillips.
2:02 of 3rd period - Stopped by Jake Paterson without a rebound.
2:03 of 3rd period - Trent Frederic wins face-off versus Nathan Smith in Heat zone.
2:06 of 3rd period - Shot by Matthew Phillips.
2:06 of 3rd period - Stopped by Jake Paterson with a rebound.
2:21 of 3rd period - Icing by Andy Welinski.
2:22 of 3rd period - Adam Cracknell wins face-off versus Kyle Criscuolo in Barracuda zone.
2:50 of 3rd period - Shot by Cole Schneider.
2:50 of 3rd period - Stopped by Ken Appleby without a rebound.
2:51 of 3rd period - Nathan Smith wins face-off versus Alex Dostie in Barracuda zone.
2:53 of 3rd period - Mathieu Joseph is hit by Julius Bergman and loses puck.
3:04 of 3rd period - Shot by Andrei Altybarmakyan.
3:04 of 3rd period - Shot Misses the Net.
3:06 of 3rd period - Shot by Alex Dostie.
3:06 of 3rd period - Shot Misses the Net.
3:08 of 3rd period - Shot by Andrei Altybarmakyan.
3:08 of 3rd period - Shot Misses the Net.
3:14 of 3rd period - Shot by Graham Knott.
3:14 of 3rd period - Stopped by Jake Paterson without a rebound.
3:15 of 3rd period - Brendan Warren wins face-off versus Tyce Thompson in Heat zone.
5:05 of 3rd period - Shot by Adam Cracknell .
5:05 of 3rd period - Shot Misses the Net.
6:09 of 3rd period - Brinson Pasichnuk is hit by Alex Dostie and loses puck.
7:35 of 3rd period - Shot by Matthew Phillips.
7:35 of 3rd period - Shot Blocked by Greg McKegg.
7:39 of 3rd period - Shot by Trent Frederic.
7:39 of 3rd period - Shot Misses the Net.
7:41 of 3rd period - Shot by Adam Cracknell .
7:41 of 3rd period - Shot Blocked by Brinson Pasichnuk.
8:37 of 3rd period - Kyle Criscuolo is hit by Alexis D'Aoust and loses puck.
8:44 of 3rd period - Alexis D'Aoust is hit by Kyle Criscuolo and loses puck.
9:21 of 3rd period - Icing by Brett Leason.
9:22 of 3rd period - Trent Frederic wins face-off versus Nathan Smith in Heat zone.
9:41 of 3rd period - Shot by Egor Sokolov.
9:41 of 3rd period - Stopped by Ken Appleby with a rebound.
9:43 of 3rd period - Shot by Egor Sokolov.
9:43 of 3rd period - Shot Misses the Net.
9:45 of 3rd period - Shot by Steven Oleksy.
9:45 of 3rd period - Stopped by Ken Appleby with a rebound.
9:47 of 3rd period - Shot by Jan Jenik.
9:47 of 3rd period - Stopped by Ken Appleby without a rebound.
9:48 of 3rd period - Kyle Criscuolo wins face-off versus Alex Dostie in Barracuda zone.
9:57 of 3rd period - Kyle Criscuolo is hit by Robert Bortuzzo and loses puck.
10:25 of 3rd period - Icing by Steven Oleksy.
10:26 of 3rd period - Adam Cracknell wins face-off versus Kyle Criscuolo in Heat zone.
10:29 of 3rd period - Shot by Trent Frederic.
10:29 of 3rd period - Stopped by Jake Paterson without a rebound.
10:30 of 3rd period - John Albert wins face-off versus Adam Cracknell in Heat zone.
11:03 of 3rd period - Shot by Trent Frederic.
11:03 of 3rd period - Shot Blocked by Kevin Gravel.
12:10 of 3rd period - Shot by Aidan McDonough.
12:10 of 3rd period - Shot Misses the Net.
12:27 of 3rd period - Off-side.
12:28 of 3rd period - Alex Dostie wins face-off versus Kyle Criscuolo in neutral zone.
12:44 of 3rd period - Shot by Cole Schneider.
12:44 of 3rd period - Stopped by Ken Appleby without a rebound.
12:45 of 3rd period - Nathan Smith wins face-off versus Jordy Bellerive in Barracuda zone.
12:46 of 3rd period - Shot by Mathieu Joseph.
12:46 of 3rd period - Stopped by Ken Appleby with a rebound.
13:12 of 3rd period - Shot by Nathan Smith.
13:12 of 3rd period - Shot Misses the Net.
13:14 of 3rd period - Shot by Mathieu Joseph.
13:14 of 3rd period - Stopped by Ken Appleby without a rebound.
13:15 of 3rd period - Jan Jenik wins face-off versus Adam Cracknell in Barracuda zone.
13:42 of 3rd period - Shot by Egor Sokolov.
13:42 of 3rd period - Stopped by Ken Appleby with a rebound.
13:44 of 3rd period - Shot by Brett Leason.
13:44 of 3rd period - Shot Misses the Net.
14:58 of 3rd period - Shot by Alexis D'Aoust.
14:58 of 3rd period - Stopped by Jake Paterson without a rebound.
14:59 of 3rd period - John Albert wins face-off versus Alex Dostie in Heat zone.
15:18 of 3rd period - Icing by Steven Oleksy.
15:19 of 3rd period - Brendan Warren wins face-off versus John Albert in Heat zone.
15:25 of 3rd period - Brendan Warren is hit by Steven Oleksy and loses puck.
15:46 of 3rd period - Off-side.
15:47 of 3rd period - Alex Dostie wins face-off versus Jan Jenik in neutral zone.
16:05 of 3rd period - Icing by Jacob Bryson.
16:06 of 3rd period - Jordy Bellerive wins face-off versus Jan Jenik in Heat zone.
16:45 of 3rd period - Shot by Jordy Bellerive.
16:45 of 3rd period - Deflect By Fredrik Olofsson.
16:45 of 3rd period - Goal by Fredrik Olofsson - Heat : 3 - Barracuda : 4.
16:46 of 3rd period - Nathan Smith wins face-off versus Trent Frederic in neutral zone.
16:46 of 3rd period - Aidan McDonough is hit by Trent Frederic and loses puck.
17:07 of 3rd period - Shot by Matthew Phillips.
17:07 of 3rd period - Stopped by Jake Paterson without a rebound.
17:08 of 3rd period - Brendan Warren wins face-off versus Kyle Criscuolo in Heat zone.
17:17 of 3rd period - Shot by Brendan Warren.
17:17 of 3rd period - Stopped by Jake Paterson without a rebound.
17:18 of 3rd period - Aidan McDonough wins face-off versus Adam Cracknell in Heat zone.
17:25 of 3rd period - Shot by Nathan Smith.
17:25 of 3rd period - Stopped by Ken Appleby without a rebound.
17:26 of 3rd period - Adam Cracknell wins face-off versus Jan Jenik in Barracuda zone.
17:26 of 3rd period - Andy Welinski is hit by Jan Jenik and loses puck.
17:45 of 3rd period - Shot by Trent Frederic.
17:45 of 3rd period - Shot Blocked by Tarmo Reunanen.
18:23 of 3rd period - Shot by Mathieu Joseph.
18:23 of 3rd period - Shot Misses the Net.
18:25 of 3rd period - Shot by Kevin Gravel.
18:25 of 3rd period - Stopped by Ken Appleby without a rebound.
18:26 of 3rd period - Alex Dostie wins face-off versus Kyle Criscuolo in Barracuda zone.
19:06 of 3rd period - Julius Bergman is hit by Cole Schneider and loses puck.
19:28 of 3rd period - Heat , Jake Paterson is pulled from the net.
19:44 of 3rd period - Shot by Nathan Smith.
19:44 of 3rd period - Shot Misses the Net.
Goals for this period are 0 for Heat vs 2 for Barracuda.
Shots for this period are 10 for Heat vs 9 for Barracuda.